2786 views
Uploaded 2020-02-02 09:26:02
Game version 1.32 / 1.32.1
14:50 long 1on1 ladder game on (2)EchoIsles
Saved by Kroshwan
2786 views
Uploaded 2020-02-02 09:26:02
Game version 1.32 / 1.32.1
14:50 long 1on1 ladder game on (2)EchoIsles

26 units @ 4k
/ 0.4k
17 buildings @ 2.5k
/ 1.2k


| Healing Salve | 4 | 400 |
| Lesser Clarity Potion | 3 | 210 |
| Scroll of Speed | 1 | 50 |
| Potion of Mana | 1 | 200 |
| Scroll of Healing | 2 | 500 |
| total: | 11 | 1360g |
| Peon | 7 | 525 | / | 0 |
| Grunt | 8 | 1600 | / | 0 |
| Raider | 5 | 900 | / | 200 |
| Shaman | 4 | 520 | / | 80 |
| Kodo Beast | 1 | 255 | / | 60 |
| Forest Troll Berserker | 1 | 245 | / | 30 |
| total: | 26 | 4045g | / | 370w |
| Watch Tower | 3 | 330 | / | 240 |
| Altar of Storms | 1 | 180 | / | 50 |
| Orc Burrow | 5 | 800 | / | 200 |
| Barracks | 1 | 180 | / | 50 |
| Voodoo Lounge | 2 | 260 | / | 60 |
| War Mill | 1 | 205 | / | 0 |
| Beastiary | 2 | 290 | / | 280 |
| Spirit Lodge | 2 | 300 | / | 300 |
| Stronghold | 1 | 315 | / | 190 |
| total: | 17 | 2545g | / | 1180w |
| 0:01 | Peon |
| 0:03 | Altar of Storms |
| 0:12 | Peon |
| 0:18 | Orc Burrow |
| 0:26 | Peon |
| 0:34 | Barracks |
| 0:45 | Peon |
| 1:00 | Peon |
| 1:18 | Peon |
| 1:22 | Orc Burrow |
| 1:35 | Grunt |
| 1:45 | Peon |
| 2:03 | Grunt |
| 2:04 | Feral Spirit |
| 2:33 | Stronghold |
| 2:54 | Grunt |
| 3:19 | Orc Burrow |
| 3:35 | Chain Lighting |
| 4:07 | Voodoo Lounge |
| 4:09 | Grunt |
| 5:01 | Beastiary |
| 5:15 | Berserker Strength |
| 5:17 | Healing Salve |
| 5:17 | Lesser Clarity Potion |
| 5:20 | Healing Salve |
| 5:59 | Shockwave |
| 6:03 | Beastiary |
| 6:08 | Spirit Lodge |
| 6:11 | War Mill |
| 6:39 | Spirit Lodge |
| 6:55 | Orc Burrow |
| 7:06 | Raider |
| 7:06 | Ensnare |
| 7:07 | Scroll of Speed |
| 7:18 | Grunt |
| 7:56 | Shaman |
| 8:11 | Kodo Beast |
| 8:49 | Endurance Aura |
| 8:54 | Shaman |
| 9:20 | Raider |
| 9:23 | Shaman Adept Training |
| 9:24 | Shaman |
| 9:31 | Chain Lighting |
| 9:37 | Scroll of Healing |
| 9:37 | Scroll of Healing |
| 10:02 | Healing Salve |
| 10:02 | Healing Salve |
| 10:22 | Shaman |
| 10:28 | Raider |
| 10:46 | Grunt |
| 10:49 | Forest Troll Berserker |
| 10:54 | Shockwave |
| 11:12 | Steel Armor |
| 11:12 | Steel Melee Weapons |
| 11:23 | Lesser Clarity Potion |
| 11:28 | Lesser Clarity Potion |
| 11:31 | Potion of Mana |
| 12:35 | Watch Tower |
| 12:36 | Watch Tower |
| 12:39 | Orc Burrow |
| 13:43 | Grunt |
| 13:44 | Raider |
| 13:44 | Raider |
| 13:44 | Grunt |
| 13:47 | Voodoo Lounge |
| 13:48 | Watch Tower |
| 14:39 | Feral Spirit |
| Right click | 1117 |
| Select group | 741 |
| Select | 321 |
| Build/train/purchase | 75 |
| Assign group | 74 |
| Chat | 70 |
| Use ability | 40 |
| Misc. action | 28 |
| Item give/drop | 1 |
| Remove unit | 1 |
| Esc | 1 |
| Minimap ping | 1 |
41 units @ 5.5k
/ 0.5k
20 buildings @ 2.3k
/ 0.9k


| Scroll of Regeneration | 2 | 200 |
| Lesser Clarity Potion | 1 | 70 |
| Boots of Speed | 1 | 250 |
| total: | 4 | 520g |
| Peasant | 15 | 1125 | / | 0 |
| Footman | 4 | 540 | / | 0 |
| Rifleman | 10 | 2050 | / | 300 |
| Priest | 6 | 810 | / | 60 |
| Sorceress | 5 | 775 | / | 100 |
| Forest Troll Shadow Priest | 1 | 195 | / | 10 |
| total: | 41 | 5495g | / | 470w |
| Scout Tower | 2 | 60 | / | 40 |
| Arcane Tower | 2 | 140 | / | 100 |
| Altar of Kings | 1 | 180 | / | 50 |
| Farm | 10 | 800 | / | 200 |
| Barracks | 3 | 480 | / | 180 |
| Arcane Vault | 1 | 130 | / | 30 |
| Blacksmith | 1 | 140 | / | 60 |
| Town Hall | 1 | 385 | / | 205 |
| Arcane Sanctum | 1 | 150 | / | 140 |
| Keep | 1 | 320 | / | 210 |
| total: | 20 | 2325g | / | 905w |
| 0:00 | Peasant |
| 0:04 | Altar of Kings |
| 0:08 | Peasant |
| 0:17 | Farm |
| 0:19 | Barracks |
| 0:24 | Peasant |
| 0:33 | Peasant |
| 0:46 | Farm |
| 0:49 | Peasant |
| 1:01 | Peasant |
| 1:21 | Footman |
| 1:22 | Peasant |
| 1:26 | Farm |
| 1:29 | Peasant |
| 1:42 | Footman |
| 1:49 | Peasant |
| 1:53 | Scout Tower |
| 2:03 | Summon Water Elemental |
| 2:10 | Footman |
| 2:19 | Peasant |
| 2:22 | Arcane Tower |
| 2:57 | Brilliance Aura |
| 3:11 | Keep |
| 3:18 | Forest Troll Shadow Priest |
| 3:39 | Summon Water Elemental |
| 4:04 | Footman |
| 4:11 | Arcane Vault |
| 5:05 | Boots of Speed |
| 5:13 | Farm |
| 5:17 | Blacksmith |
| 5:41 | Farm |
| 5:42 | Arcane Sanctum |
| 6:14 | Barracks |
| 6:49 | Rifleman |
| 6:49 | Long Rifles |
| 6:58 | Scroll of Regeneration |
| 7:02 | Farm |
| 7:04 | Priest |
| 7:19 | Rifleman |
| 7:28 | Storm Bolt |
| 7:31 | Farm |
| 7:37 | Priest Adept Training |
| 7:45 | Rifleman |
| 8:11 | Sorceress |
| 8:38 | Thunder Clap |
| 8:50 | Priest |
| 8:50 | Sorceress |
| 9:20 | Rifleman |
| 9:20 | Sorceress |
| 9:29 | Rifleman |
| 9:35 | Lesser Clarity Potion |
| 9:37 | Scroll of Regeneration |
| 9:57 | Rifleman |
| 10:32 | Town Hall |
| 10:37 | Scout Tower |
| 11:00 | Thunder Clap |
| 11:02 | Priest |
| 11:07 | Arcane Tower |
| 11:11 | Farm |
| 11:36 | Rifleman |
| 11:47 | Priest |
| 12:06 | Rifleman |
| 12:08 | Priest |
| 12:20 | Barracks |
| 12:24 | Brilliance Aura |
| 12:38 | Rifleman |
| 12:41 | Sorceress |
| 12:44 | Farm |
| 12:47 | Farm |
| 13:25 | Peasant |
| 13:25 | Peasant |
| 13:27 | Rifleman |
| 13:57 | Peasant |
| 13:57 | Peasant |
| 14:01 | Storm Bolt |
| 14:24 | Priest |
| 14:28 | Peasant |
| 14:43 | Sorceress |
| Right click | 998 |
| Select | 468 |
| Select group | 243 |
| Build/train/purchase | 124 |
| Assign group | 90 |
| Misc. action | 62 |
| Use ability | 18 |
| Chat | 17 |
| Item give/drop | 4 |
| Remove unit | 1 |